 Dungeon Crawl Stone Soup version 0.23-a0-586-gacb4b3f (webtiles) character file.

43 ohad the Chopper (level 3, 0/45 HPs)
             Began as a Hill Orc Gladiator on Dec 19, 2018.
             Succumbed to an adder's poison
             ... on level 2 of the Dungeon.
             The game lasted 00:02:44 (1395 turns).

ohad the Chopper (Hill Orc Gladiator)               Turns: 1395, Time: 00:02:44

Health: 0/45       AC: 21    Str: 16    XL:     3   Next: 58%
Magic:  3/3        EV:  2    Int:  8    God:
Gold:   54         SH:  0    Dex: 13    Spells: 2/2 levels left

rFire    . . .     SeeInvis .   e - +1 hand axe (elec)
rCold    . . .     Gourm    .   (no shield)
rNeg     + + +     Faith    .   (armour currently unavailable)
rPois    +         Spirit   .   (helmet currently unavailable)
rElec    .         Reflect  .   (cloak currently unavailable)
rCorr    .         Harm     .   (gloves currently unavailable)
MR       .....     NoTele   +   (boots currently unavailable)
Stlth    +.........             (no amulet)
HPRegen  0.15/turn              (no ring)
MPRegen  0.08/turn              (no ring)

@: lethally poisoned (0 -> -4), tree-form
A: no striking features
a: no special abilities


You were on level 2 of the Dungeon.
You were hungry.
You were a tree.
You visited 1 branch of the dungeon, and saw 2 of its levels.

You collected 54 gold pieces.

Inventory:

Hand Weapons
 a - a +0 war axe
 e - a +1 hand axe of electrocution (weapon)
Missiles
 d - 3 throwing nets (quivered)
Armour
 b - a +0 leather armour (melded)
 c - a +0 helmet (melded)
Scrolls
 g - 2 scrolls of identify {unknown}
 h - 2 scrolls of fog {unknown}
Potions
 j - 2 potions of resistance
Comestibles
 f - 2 rations


   Skills:
 - Level 2.4 Fighting
 + Level 6.0 Axes
 - Level 1.7 Throwing
 - Level 2.4 Dodging


You had 2 spell levels left.
You didn't know any spells.
Your spell library was empty.

Dungeon Overview and Level Annotations

Branches:
Dungeon (2/15)

Altars:
Zin


Message History

You cannot move.
You cannot move.
You cannot move.
* * * LOW HITPOINT WARNING * * *
You feel sick.
* * * LOW HITPOINT WARNING * * *
You feel sick.
You are feeling hungry.
* * * LOW HITPOINT WARNING * * *
You feel sick.
* * * LOW HITPOINT WARNING * * *
You feel sick.
* * * LOW HITPOINT WARNING * * *
You feel sick.
All of the chunks of flesh in your inventory have rotted away.
* * * LOW HITPOINT WARNING * * *
You feel sick.
* * * LOW HITPOINT WARNING * * *
You feel sick.
You die...

#.....[......
#...........##
#.(>......#..
#.....[..... ##
#..........#.$.#
##..?!...#.#.#.####
#......†..........
#......♣........##.
..........#........
#.........#.......
#####....)#...###.#
#....))........
#...##<#..####.
.##.#.##.#...#
.._#.#..#.#...$.
..#####.#.#.<.###


There were no monsters in sight!

Vanquished Creatures
  An adder (D:2)
  2 leopard geckos (D:2)
  2 bats (D:1)
  A giant cockroach (D:1)
  6 goblins (D:1)
  8 hobgoblins
  A ball python (D:1)
  A frilled lizard (D:1)
  3 kobolds
  4 rats
29 creatures vanquished.

Notes
Turn   | Place    | Note
-------+----------+-------------------------------------------
     0 | D:1      | ohad the Hill Orc Gladiator began the quest for the Orb.
     0 | D:1      | Reached XP level 1. HP: 18/18 MP: 1/1
   361 | D:1      | Reached XP level 2. HP: 25/25 MP: 2/2
   620 | D:1      | Reached skill level 5 in Axes
   939 | D:1      | Reached XP level 3. HP: 30/30 MP: 3/3
  1163 | D:2      | Found a glowing silver altar of Zin.
  1383 | D:2      | Reached skill level 6 in Axes
  1390 | D:2      | HP: 2/45 [poisoned by an adder]
  1395 | D:2      | Succumbed to an adder's poison

Vault maps used:
D:1:      dpeg_arrival_morbid_curiosity, nrook_loot_triangle,
          minmay_misc_feat_encased, minmay_misc_feat_iff
D:2:      cheibrodos_pilgrimage, nicolae_overflow_hidden_temple, uniq_terence

Skill      XL: |  1  2  3 |
---------------+----------+-----
Axes           | 5 6 |  6.0
Fighting       | |  2.4
Throwing       | |  1.7
Dodging        | |  2.4

Action                   || total
-------------------------++-------
Melee: Hand axe          ||    70
       War axe           ||     3
  Use: Potion            ||     1
  Eat: Chunk             ||     1
Armor: Leather armour    ||    19
Dodge: Dodged            ||    48

Table legend:
 A = Non-vault XP
 B = Vault XP
 C = Vault XP percentage of total XP
 D = Non-vault monster count
 E = Vault monster count
 F = Vault count percentage of total count
                 A         B        C        D         E       F
            +---------+---------+-------+---------+---------+-------
      Total |      53 |       9 |  14.5 |      24 |       5 |  17.2
            +---------+---------+-------+---------+---------+-------
        D:1 |      25 |       9 |  26.5 |      15 |       5 |  25.0
        D:2 |      28 |       0 |   0.0 |       9 |       0 |   0.0
            +---------+---------+-------+---------+---------+-------
